[Event "Cattolica Chess Festival 2022"]
[Site "Cattolica"]
[Date "2022.06.08"]
[Round "5.10"]
[White "Willow, Jonah B"]
[Black "Lohvinov, Petro"]
[Result "1/2-1/2"]
[ECO "B42"]
[WhiteElo "2401"]
[BlackElo "2232"]
[Annotator "TA"]
[PlyCount "90"]
[EventDate "2022.06.04"]
[EventCountry "ITA"]
[SourceTitle "playchess.com"]
[Source "ChessBase"]
[SourceQuality "1"]
[TimeControl "5400+30"]

1. e4 c5 2. Nf3 e6 3. d4 cxd4 4. Nxd4 a6 5. Bd3 Bc5 6. Nb3 Be7 7. O-O d6 8. c4 Nf6 9. Nc3 Nbd7 10. f4 {[%emt 0:00:27] B42: Sicilian: Kan Variation: 5 Bd3.} Qc7 11. Be3 b6 12. Qf3 {[%emt 0:00:31] White is more active. White is slightly better.} Bb7 13. Rad1 O-O 14. Qh3 h6 15. g4 {[%emt 0:04:11] [#]} Nh7 $146 {[%emt 0:02:46] Prevents g5.} (15... Rae8 $1 $14) ({Predecessor:} 15... Ne8 16. Nd4 Nc5 17. Bc2 Nf6 18. g5 hxg5 19. fxg5 Nh7 20. g6 fxg6 21. Nxe6 Nxe6 22. Qxe6+ {½-½ (46) Fleetwood,D (2498)-Stull,N (2563) ICCF email 2000}) 16. g5 $1 $16 Kh8 17. g6 (17. gxh6 g6 18. Nd2 Bf6 $16) (17. Nd4 $18) 17... fxg6 $14 18. Qxe6 Bf6 19. Qg4 (19. Nd5 $14 Bxd5 20. cxd5) 19... Bxc3 $11 20. bxc3 Nhf6 (20... g5 $5) 21. Qxg6 Rae8 22. Bd4 Bxe4 23. Bxe4 Rxe4 24. Rde1 {[%emt 0:00:08] Inhibits Re2.} Rfe8 25. Rxe4 Rxe4 26. Nd2 Re2 27. Qd3 $132 {[%emt 0:00:44][%mdl 2048] White is not holding back} Re7 28. Nf3 Nc5 29. Qg6 Nce4 30. Nh4 (30. Rb1 $11) 30... Qxc4 $15 31. Qf5 {[%emt 0:06:09] [#]} (31. Nf5 $15 Rb7 32. Nxh6 (32. Bxf6 Nxf6 33. Nxh6 Qxa2 $17)) 31... Re8 ({Black should play} 31... Kg8 $1 $19 32. Qh3 Qxa2 33. Bxb6 a5) 32. Re1 Qxa2 33. Ng2 (33. Qg6 $17) 33... Qc4 (33... Qf7 $19 34. Nh4 (34. Rxe4 $2 Rxe4 35. Qc8+ Kh7 $19) 34... Kg8) 34. Qg6 $17 Qc6 ({Better is} 34... Re7 $17 {[%cal Oe4d2] White must now prevent ...Nd2!} 35. Ne3 Qf7 36. Qxf7 Rxf7) 35. Nh4 $11 d5 36. Nf5 Qd7 37. Nxh6 Rf8 38. Nf5 {[%emt 0:01:24] Threatens to win with Re3.} Qf7 39. Qg2 (39. Nh4 $15) 39... Nh5 $17 {[%emt 0:00:01][%csl LRf4,LRf5] Pair of Knights!} 40. Nh4 Nxf4 41. Qg4 {[%emt 0:00:01] Strongly threatening Rf1.} Ne6 $2 (41... Kh7 $17 {and life is bright. aiming for ...Nd3.} 42. Rf1 {[#]} Ng5 $1 ) 42. Ng6+ $18 Kg8 43. Nxf8 $2 ({White must play} 43. Qh5 $18 Qe8 44. Qh8+ (44. Bxb6 Rf6 $15) 44... Kf7 45. Nxf8 Nxd4 46. cxd4 (46. Rf1+ Nf6 $14) 46... Qxf8 47. Qh5+ Ke7 48. Qe5+ Kd7 49. Qxd5+ Nd6 50. Rc1) 43... Nxd4 $11 {[%emt 0:00:22] The position is equal.} 44. Rf1 {[%emt 0:00:12] Against Qf2+. Dancing on a razor blade.} Nf6 45. Qxd4 Kxf8 {[%emt 0:00:35] A wild game.  Weighted Error Value: White=0.37/Black=0.48} 1/2-1/2

[Event "Cattolica Chess Festival 2022"]
[Site "Cattolica"]
[Date "2022.06.09"]
[Round "6.1"]
[White "Pantsulaia, Levan"]
[Black "Schmider, Niklas"]
[Result "1/2-1/2"]
[ECO "A34"]
[WhiteElo "2587"]
[BlackElo "2393"]
[Annotator "TA"]
[PlyCount "168"]
[EventDate "2022.06.04"]
[EventCountry "ITA"]
[SourceTitle "playchess.com"]
[Source "ChessBase"]
[SourceQuality "1"]
[TimeControl "5400+30"]

1. c4 c5 2. Nf3 Nc6 3. Nc3 Nf6 4. g3 d5 5. cxd5 Nxd5 6. Bg2 Nc7 7. O-O e5 8. d3 Be7 9. Nd2 Bd7 {[%emt 0:00:04] 9...0-0 is more fashionable.} 10. Nc4 f6 11. f4 b5 $1 {[%emt 0:00:10] A34: Symmetrical English: 2 Nc3, lines with ...d5.} 12. Ne3 O-O 13. Ned5 {[%emt 0:05:48] [#]} Nxd5 $146 {[%emt 0:01:04] The position is equal.} ({Predecessor:} 13... Rb8 14. fxe5 Nxe5 15. Nxc7 Qxc7 16. Nd5 Qd8 17. Nxe7+ Qxe7 18. Bf4 Rbc8 19. Rc1 Ng6 {0-1 (36) Jurek,J (2247)-Warmerdam,M (2480) Pardubice 2019}) 14. Bxd5+ Kh8 15. Nxb5 Rb8 16. Nc3 exf4 $1 17. gxf4 f5 18. b3 Nb4 {[%emt 0:20:22][%mdl 1024] Black has compensation.} 19. Bf3 Bc6 20. Bd2 Bf6 21. Rc1 Qd6 22. Qe1 Rfe8 {[%emt 0:04:47] White must now prevent ...Nxd3.} 23. Qg3 $1 Re6 {[%emt 0:01:44] And now ...Bxc3 would win.} 24. Kh1 Rbe8 25. Rf2 R8e7 (25... Bd4 $11 26. Rg2 Nd5) 26. Bxc6 (26. Qg2 $5) 26... Qxc6+ 27. Qg2 $2 (27. Qf3 $1 $11) 27... Qe8 $1 $19 28. Rcf1 Bd4 29. Rf3 $2 (29. Qf3) 29... Rxe2 30. Nxe2 Rxe2 31. Re3 Bxe3 (31... Rxe3 32. Bxe3 Bxe3 33. Re1 $15) 32. Qxe2 Qa8+ 33. Qg2 Qxg2+ {[%emt 0:00:00][%mdl 64] Remove Defender} 34. Kxg2 Bxd2 35. Rf2 Bc3 36. Re2 h6 37. Kf3 Kh7 ({Inferior is} 37... Nxd3 38. Re3 Ne1+ 39. Ke2 $11) 38. a3 Nc6 {[%emt 0:00:00] ...Nd4+ is the strong threat.} ({Stronger than} 38... Nxd3 39. Re3 Ne1+ 40. Kg3 $11) 39. Kg3 Nd4 {[%emt 0:00:00] Against Re6} 40. Re5 Nxb3 41. Rxf5 Bd4 42. Rf7 Nc1 43. Rxa7 Nxd3 (43... c4 $142 $1 44. Rc7 c3) 44. Kf3 $17 c4 45. Rc7 Bc5 {[%emt 0:00:00] Hoping for ...c3.} 46. Ke4 Bxa3 {[%emt 0:00:00] Threatens to win with ...Nc5+.} 47. Rxc4 Nc5+ 48. Kf5 Nd7 49. h3 Nf6 50. Ra4 Bc1 51. Ra1 Be3 52. Ra3 Bf2 53. Ra2 Bh4 54. Rd2 Ng8 55. Ke6 Ne7 56. Rg2 Bf6 57. Rg1 Bh4 58. Rg2 Bf6 59. Rg1 $1 Ng6 60. Kf5 Nh4+ 61. Ke4 Kg8 (61... g6 $17) 62. Rc1 (62. f5 $11) 62... Kf7 (62... g6 $17) 63. Rc7+ (63. f5 $1 $11) 63... Kg6 ({Better is} 63... Be7 $1 $17 64. Ke5 Nf3+ 65. Kf5 h5) 64. Rc5 $11 Kh7 65. Rc6 (65. f5 $1 $11 {was the only way to keep the balance.}) 65... Ng6 $1 $17 66. Ra6 Bd8 ({Black should play} 66... Kg8 $17) 67. Kf5 (67. f5 $11 Nh8 68. Ra7) 67... Nh4+ (67... Ne7+ $17 68. Ke4 Ng8) 68. Ke4 $11 Be7 69. Ra7 Bf6 70. Ra6 (70. f5 $11 {keeps the balance.}) 70... Kg6 ({Black should try} 70... Ng6 $1 $17) 71. Ra5 Kf7 72. Ra7+ {[%emt 0:00:13] [#]} (72. f5 $1 $11) 72... Be7 $1 $17 73. Rb7 g6 74. Rb5 Ke6 75. Re5+ Kf6 76. Ra5 Bd6 77. Ra6 Ke6 78. Ra5 Nf5 79. Rb5 Bc7 {[%emt 0:00:43] ( -> ...Nd6+)} 80. Rc5 Bd6 81. Rb5 $1 Ng3+ 82. Kf3 {[%emt 0:00:07] [#]} Nh5 $1 83. Rxh5 $2 gxh5 $19 84. f5+ Kxf5 {[%emt 0:00:13][%mdl 32768] Weighted Error Value: White=0.15 (very precise) /Black=0.12 (very precise) . An unexpected result.} 1/2-1/2

[Event "Cattolica Chess Festival 2022"]
[Site "Cattolica"]
[Date "2022.06.09"]
[Round "6.2"]
[White "Safarli, Eltaj"]
[Black "Rahul Srivatshav P"]
[Result "1/2-1/2"]
[ECO "C42"]
[WhiteElo "2600"]
[BlackElo "2458"]
[Annotator "TA"]
[PlyCount "78"]
[EventDate "2022.06.04"]
[EventCountry "ITA"]
[SourceTitle "playchess.com"]
[Source "ChessBase"]
[SourceQuality "1"]
[TimeControl "5400+30"]

1. e4 e5 2. Nf3 Nf6 3. Nxe5 d6 4. Nf3 Nxe4 5. Qe2 Qe7 6. d3 Nf6 7. Bg5 Qxe2+ 8. Bxe2 Be7 9. Nc3 O-O {[%emt 0:02:14] 9...h6 is a critical line. C42: Petroff Defence: 3 Nxe5 and unusual White 3rd moves.} 10. O-O-O h6 11. Bh4 Re8 {[%emt 0:07:44] The position is equal.} 12. Rhe1 Nbd7 {[%emt 0:17:25] [#]} 13. Nd4 $146 ({Predecessor:} 13. h3 a6 14. d4 b5 15. Bd3 b4 16. Ne4 Bb7 17. Ned2 Nf8 18. Re2 Ne6 19. Rde1 {0-1 (31) Yeung,C (1806)-Sijses,W ICCF email 2006}) 13... c6 14. Bf1 g6 15. Ne4 {[%emt 0:04:09] [#] Threatens to win with Nxf6+.} Kf8 16. Bg3 Nxe4 17. dxe4 ({Much weaker is} 17. Rxe4 Nf6 18. Ree1 Nh5 $15) 17... Nb6 18. Kb1 d5 19. exd5 Nxd5 20. Nb5 Rd8 21. Bc4 Bf5 {[%emt 0:05:09] aiming for ...Nb6.} 22. Bxd5 {[%emt 0:01:04][%cal Ob5c7] [#] Hoping for Nc7!} cxd5 23. Nd4 Bd7 24. a3 Rac8 25. Rd3 Bc5 26. Bf4 g5 27. Bd2 Bxd4 28. Rxd4 {[%emt 0:00:02] White is slightly better.} Bf5 29. Bb4+ Kg8 30. Bc3 Rc4 31. Re5 Be6 32. h4 gxh4 33. Rh5 $1 Kh7 34. Rdxh4 Rxh4 35. Rxh4 $14 {[%emt 0:00:00] KRB-KRB} Rg8 36. Rh2 Kg6 37. Kc1 Re8 38. Rh4 Bf5 39. Kd2 Re4 {[%emt 0:00:00] Weighted Error Value: White=0.05 (flawless) /Black=0.04 (flawless)} 1/2-1/2

[Event "Cattolica Chess Festival 2022"]
[Site "Cattolica"]
[Date "2022.06.09"]
[Round "6.3"]
[White "Bin-Suhayl, Ieysaa"]
[Black "Brunello, Sabino"]
[Result "0-1"]
[ECO "A07"]
[WhiteElo "2255"]
[BlackElo "2521"]
[Annotator "TA"]
[PlyCount "78"]
[EventDate "2022.06.04"]
[EventCountry "ITA"]
[SourceTitle "playchess.com"]
[Source "ChessBase"]
[SourceQuality "1"]
[TimeControl "5400+30"]

1. Nf3 d5 2. g3 Bg4 3. Bg2 Nd7 4. d4 e6 5. O-O c6 6. h3 {[%emt 0:00:53] A07: Réti Opening: New York and Capablanca Systems.} Bh5 7. c4 Be7 8. Nc3 {[%emt 0:01:57] The position is equal.} Bxf3 9. Bxf3 dxc4 10. e4 Ngf6 11. Qe2 {[%emt 0:03:04] [#]} e5 $146 ({Predecessor:} 11... Nb6 12. Be3 O-O 13. Rad1 Bb4 14. Bg2 Qe7 15. f4 Rad8 16. Qf2 Nfd7 17. g4 f6 {½-½ (51) Percivaldi,M (2347)-Svane,R (2549) Warsaw 2016}) 12. Rd1 {[%emt 0:05:23] dxe5 is the strong threat.} exd4 13. e5 d3 14. Qe3 Ng8 15. Qf4 (15. Qe4 $11) 15... f6 16. exf6 Ngxf6 17. Be3 Qb8 18. Qd4 (18. Qxc4 $15 {is more appropriate.} Ne5 19. Qf4) 18... Ne5 19. Bg2 Qd6 20. f4 (20. b3 $15) 20... Qxd4 $17 21. Bxd4 Ned7 22. Na4 (22. Rac1 $17) 22... Kf7 (22... Nb6 $1 $19 23. Nxb6 axb6 24. Bxb6 Kf7) 23. b3 cxb3 (23... b5 $19 24. Nb2 Ba3 25. Bxc6 Rac8 26. Bxb5 Bxb2 27. Bxb2 c3) 24. axb3 Rhd8 25. Rac1 Nf8 26. Bf2 Ne6 27. Rc3 d2 {[%emt 0:00:18] Strongly threatening ...Bb4.} 28. Rc2 Bb4 {[%emt 0:01:09] And now ...g6 would win.} 29. Rc4 {[%emt 0:00:06] [#]} (29. f5 $17 {was the only chance.} Ng5 30. Rc4) 29... a5 $1 $19 {[%emt 0:00:18] Hoping for ...b5.} 30. f5 {[%emt 0:01:43] [#]} Nc7 31. Nb6 Rab8 32. Rc2 Re8 33. Kh2 $2 (33. Rdxd2 Bxd2 34. Rxd2) 33... Rbd8 {[%emt 0:00:00] Black is clearly winning.} 34. Nc4 Re1 35. Bxe1 {[%emt 0:00:00] [#]} dxe1=Q 36. Rxd8 (36. Rxe1 Bxe1) 36... Bc5 37. h4 Ncd5 38. Nd6+ Ke7 {[%emt 0:00:00] ( -> ...Bg1+)} 39. Bxd5 Bxd6 {[%emt 0:00:00] Weighted Error Value: White=0.73/Black=0.12 (very precise)} (39... cxd5 $142 40. Rg8 Nxg8 41. Nc8+ Kd8 42. Rxc5 Qf2+ 43. Kh3 Nf6 44. Rc1 Ne4 45. Rc3 Nxc3 46. Nd6 Ne2 47. Nf7+ Ke7 48. f6+ Kxf6 49. Nh8 Qxg3#) 0-1

[Event "Cattolica Chess Festival 2022"]
[Site "Cattolica"]
[Date "2022.06.09"]
[Round "6.4"]
[White "Bernadskiy, Vitaliy"]
[Black "Trost, Edvin"]
[Result "1-0"]
[ECO "B11"]
[WhiteElo "2636"]
[BlackElo "2366"]
[Annotator "TA"]
[PlyCount "55"]
[EventDate "2022.06.04"]
[EventCountry "ITA"]
[SourceTitle "playchess.com"]
[Source "ChessBase"]
[SourceQuality "1"]
[TimeControl "5400+30"]

1. e4 c6 2. Nc3 d5 3. Qe2 d4 4. Nd1 e5 5. g3 c5 6. d3 {[%emt 0:00:34] B11: Caro-Kann: Two Knights Variation.} Nc6 7. f4 {[%emt 0:02:36] 7.Bg2 is not played anymore.} Bd6 8. Nf3 {[%emt 0:00:59] The position is equal.} Nge7 9. Bg2 {[%emt 0:00:17] [#]} h5 $146 (9... Bg4 10. Nf2 Bd7 11. f5 $11) ({Better is} 9... exf4 $15 10. Bxf4 O-O) ({Predecessor:} 9... Qc7 10. f5 Bd7 11. O-O O-O-O 12. c4 f6 13. Bd2 g6 14. Nh4 Rdf8 15. a3 a5 {0-1 (53) Pridorozhni,A (2597)-Svane,R (2613) Chess.com INT 2020}) 10. O-O h4 11. fxe5 Nxe5 {[%emt 0:01:59] ...hxg3 is the strong threat.} 12. Nxh4 Ng4 (12... Bg4 $11 13. Qe1 N7c6) 13. Nf3 (13. e5 $16 Bxe5 14. Bf3) 13... Qc7 $14 14. e5 Nxe5 15. Nxe5 Bxe5 16. Nf2 Be6 17. Re1 Ng6 (17... Bxg3 $2 18. hxg3 Qxg3 19. Qe5 Qxe5 20. Rxe5 $18) 18. Be4 (18. Bg5 $14) 18... O-O-O $1 $11 {[%emt 0:06:55] And now ...Kb8 would win.} 19. Bxg6 (19. Qf3 $1 $11 {remains equal.}) 19... Bxg3 $1 $17 20. h3 (20. hxg3 {leads to mate.} Qxg3+ 21. Kf1 Rh1+ $3 22. Nxh1 Bh3+) 20... Kb8 $2 {[%emt 0:11:25] [#]} (20... Bxh3 $2 21. Nxh3 fxg6 22. Bf4 $1 Bxf4 23. Qg4+ Qd7 24. Qxd7+ Kxd7 25. Nxf4 $16) (20... Bh2+ $17 {and life is bright.} 21. Kh1 Bg3) 21. Be4 $1 $16 ({Avoid the trap} 21. Bg5 $2 Rd5 22. Ne4 fxg6 $19) 21... Bh2+ {[%emt 0:02:02] [#]} 22. Kf1 $1 ({Worse is} 22. Kh1 Bxh3 23. Nxh3 Rxh3 $17) 22... Qg3 (22... Rde8 $16) 23. Qf3 $18 Qh4 (23... Qc7 $142 24. Bd2 a6) 24. Bxb7 Rh5 (24... Bg3 $142 25. Ke2 Rde8) 25. Re4 {[%emt 0:00:24] White is clearly winning.} Qe7 26. Qxh5 Qxb7 27. Qh4 g5 28. Qxg5 {[%emt 0:00:11] Weighted Error Value: White=0.12 (very precise) /Black=0.49} 1-0

[Event "Cattolica Chess Festival 2022"]
[Site "Cattolica"]
[Date "2022.06.09"]
[Round "6.5"]
[White "Milikow, Elie"]
[Black "Shahil Dey"]
[Result "0-1"]
[ECO "B28"]
[WhiteElo "2428"]
[BlackElo "2369"]
[Annotator "TA"]
[PlyCount "107"]
[EventDate "2022.06.04"]
[EventCountry "ITA"]
[SourceTitle "playchess.com"]
[Source "ChessBase"]
[SourceQuality "1"]
[TimeControl "5400+30"]

1. e4 c5 2. Nf3 a6 3. c3 d5 4. exd5 Qxd5 5. d4 Nf6 6. Be2 e6 7. O-O Be7 8. Be3 {[%emt 0:07:17] B28: Sicilian: 2 Nf3 a6 (O'Kelly Variation).} cxd4 9. Nxd4 e5 10. Nb3 {[%emt 0:04:16] [#] White is slightly better.} O-O $146 ({Predecessor:} 10... Bf5 11. Qc1 Nbd7 12. Rd1 Qc6 13. N1d2 O-O 14. Nf1 Rfd8 15. Bf3 Qc7 16. Ng3 Bg6 {0-1 (28) Justra,M (1585)-Meisel,D (1855) Leipzig 2004}) 11. Bf3 Qc4 12. Re1 Qc7 13. N1d2 Be6 14. Bg5 Nbd7 15. Qe2 Rfe8 16. Bh4 a5 17. Bg3 Bd6 18. Qb5 (18. Rad1 $11) 18... a4 $17 19. Nc1 a3 20. Nd3 Bf5 {[%emt 0:11:23] And now ...Qb6 would win.} 21. Ne4 Ra5 22. Qb3 Nxe4 23. Bxe4 Be6 $36 {[%emt 0:00:28][%mdl 2048] Black is on the roll.} 24. Qd1 {[%emt 0:02:06] White does not recover from this.} (24. Qxb7 $17 Qxb7 25. Bxb7 axb2 26. Nxb2) 24... f5 $19 25. Bf3 e4 26. Bxd6 Qxd6 27. Nb4 {[%emt 0:00:14] Prevents Rd5.} Qc7 ({Inferior is} 27... Qxd1 28. Bxd1 axb2 29. Rb1 $17) 28. Bh5 g6 29. Be2 (29. bxa3 {was called for.} gxh5 30. Qxh5) 29... axb2 30. Rb1 Qxc3 31. Qd6 Rc5 32. a3 {[%emt 0:00:00] [#]} Qxa3 $2 (32... Qxe1+ $3 33. Rxe1 Rc1) 33. Nc2 $2 (33. Qd2 {nothing else works.}) 33... Qc3 34. Ne3 Ne5 35. Red1 Rc6 36. Nd5 Rxd6 37. Nxc3 Rxd1+ 38. Nxd1 Bc4 39. Bxc4+ Nxc4 40. Nxb2 {[%emt 0:00:07][%mdl 4096] Endgame KRN-KRN} b5 41. Nd1 Rb8 42. Rb4 Rd8 {[%emt 0:00:00][%cal Rd8d1] [#]} 43. Ne3 Nxe3 44. fxe3 {[%emt 0:00:05] KR-KR} Rb8 45. Kf2 Kf7 46. g4 Ke6 47. Kg3 Ke5 48. h4 h5 49. g5 Rb7 {[%emt 0:00:00] aiming for ...Kd6.} 50. Rb1 b4 {[%emt 0:00:00] ( -> ...Kd5)} 51. Kh3 b3 {[%emt 0:00:00] Black mates.} 52. Rd1 b2 53. Re1 b1=Q 54. Rg1 {[%emt 0:00:04] Weighted Error Value: White=0.69/Black=0.29 (precise)} 0-1

[Event "Cattolica Chess Festival 2022"]
[Site "Cattolica"]
[Date "2022.06.09"]
[Round "6.6"]
[White "Jobava, Baadur"]
[Black "Kolb, Tobias"]
[Result "1-0"]
[ECO "A14"]
[WhiteElo "2600"]
[BlackElo "2345"]
[Annotator "TA"]
[PlyCount "75"]
[EventDate "2022.06.04"]
[EventCountry "ITA"]
[SourceTitle "playchess.com"]
[Source "ChessBase"]
[SourceQuality "1"]
[TimeControl "5400+30"]

1. c4 e6 2. g3 d5 3. Bg2 Nf6 4. Nf3 Be7 5. O-O O-O 6. Qc2 d4 {[%emt 0:01:47] is now more promising than 6...c5. A14: English Opening: 1...e6 with b3 by White.} 7. e3 c5 8. exd4 cxd4 {[%emt 0:00:03] The position is equal.} 9. d3 Nc6 10. a3 a5 $1 {[%emt 0:00:09] Against b4} 11. Bg5 Nd7 12. Bxe7 Qxe7 13. Nbd2 Nc5 14. Rfe1 {[%emt 0:01:07] [#]} Re8 $146 ({Predecessor:} 14... e5 15. Ne4 h6 16. Nfd2 Nxd3 17. Qxd3 f5 18. f4 fxe4 19. Bxe4 Qf6 20. Bxc6 bxc6 21. Rxe5 {1-0 (36) Buss,R (2395)-Urban,L (2123) Graechen 2013}) 15. Nb3 Nxb3 16. Qxb3 a4 17. Qd1 Bd7 18. h4 h6 19. b4 {[%emt 0:01:41] Strongly threatening b5.} axb3 $1 20. Qxb3 Ra7 21. Qb6 Rea8 22. a4 Qd8 23. Qxd8+ Rxd8 24. Reb1 Rda8 25. Nd2 Kf8 26. c5 Rxa4 27. Rxa4 Rxa4 28. Rxb7 Be8 29. Nc4 Ra1+ (29... Ra7 $1 $11 30. Rb6 Rc7) 30. Kh2 $16 {[%emt 0:00:07] Hoping for Rb6. White is more active.} Rc1 $2 {[%emt 0:00:27][%mdl 8192] A mistake that costs the game.} (30... f6 $16) 31. Rb6 $18 Rxc4 $2 (31... Nd8 {might work better.} 32. c6 Nxc6) 32. dxc4 {[%emt 0:00:00][%cal Bd3c4,Bc4c5][%mdl 4128] Endgame KRB-KBN. White is clearly winning.} Ne5 33. c6 {[%emt 0:00:00][%cal Bc5c6,Bc6c7][%mdl 32] [#] Inhibits Nd7. aiming for c7.} Ke7 34. c7 Bd7 35. c5 d3 36. Rd6 {[%emt 0:00:00] And now Bb7 would win.} g5 37. Bb7 {[%emt 0:00:00] [#] White wants to mate with hxg5.} g4 38. Kg2 {[%emt 0:00:00] Weighted Error Value: White=0.05 (flawless) /Black=0.31} 1-0

[Event "Cattolica Chess Festival 2022"]
[Site "Cattolica"]
[Date "2022.06.09"]
[Round "6.7"]
[White "Korneev, Oleg"]
[Black "Padmini, Rout"]
[Result "1/2-1/2"]
[ECO "A48"]
[WhiteElo "2521"]
[BlackElo "2348"]
[Annotator "TA"]
[PlyCount "99"]
[EventDate "2022.06.04"]
[EventCountry "ITA"]
[SourceTitle "playchess.com"]
[Source "ChessBase"]
[SourceQuality "1"]
[TimeControl "5400+30"]

1. Nf3 Nf6 2. d4 g6 3. Bf4 Bg7 4. e3 O-O 5. Be2 d6 6. h3 c5 {[%emt 0:01:47] 6...Nc6 gains popularity.} 7. c3 Qb6 8. Qb3 Be6 {[%emt 0:02:12] A48: 1 d4 Nf6 2 Nf3 g6: Torre, London and Colle Systems.} 9. Qa3 h6 (9... cxd4 $142 10. exd4 Nc6) 10. O-O Nbd7 11. Nbd2 {[%emt 0:01:05] [#]} g5 $146 ({Predecessor:} 11... Rac8 12. Rfe1 g5 13. Bg3 Bf5 14. Bf1 d5 15. Ne5 e6 16. Qb3 Nxe5 17. Bxe5 c4 18. Qxb6 axb6 {0-1 (59) Zlobec,S (2062)-Drazic,S (2422) Sarajevo 2016}) 12. Bh2 Bf5 {[%emt 0:00:30] Prevents e4.} 13. Rfd1 a6 14. Qb3 Qxb3 15. axb3 Bg6 16. Ne1 Rac8 17. Bd3 Bxd3 18. Nxd3 d5 (18... Rfd8 $14) 19. dxc5 Nxc5 20. Nxc5 Rxc5 21. b4 Rc6 22. Nb3 Rfc8 23. Be5 e6 24. Nc5 a5 $1 25. Bxf6 ({Don't blunder} 25. Rxa5 $2 b6 26. Ra6 (26. Bxf6 $2 Bxf6 27. Nd7 bxa5 $19) 26... bxc5 $19) 25... Bxf6 26. Nd7 ({Not} 26. Rxa5 $2 b6 27. Nd7 bxa5 $19) 26... Bd8 27. bxa5 Ra6 ({Black should play} 27... Ra8 $14) 28. b4 $16 Rxc3 29. e4 Rc4 30. Nc5 $1 Ra7 31. exd5 Rxb4 32. dxe6 Be7 33. exf7+ Kxf7 34. Rd7 {[%emt 0:00:00] aiming for Re1.} Kf6 35. Nd3 {[%emt 0:00:00] White is more active.} Rb6 36. f4 $36 {[%emt 0:00:00][%mdl 2048] White is pushing.} (36. Ne5 $5) 36... Re6 (36... gxf4 $14 37. Ra4 (37. Nxf4 Rd6 $16) 37... Rc6) 37. fxg5+ ({Better is} 37. Rf1 $16 {Hoping for fxg5+.} Re4 38. Rd5) 37... hxg5 $14 38. Rf1+ Kg6 39. Rd5 {[%emt 0:01:02] And now Rb1 would win.} Bf6 (39... b6 $14) 40. Rb1 $1 $16 Kg7 (40... b6 $16) 41. Rbb5 $18 Re7 42. Kf2 Ra6 43. Ne1 (43. Nc5 $18 Rc6 44. Kf3 (44. Nxb7 Rc2+ 45. Kf3 Rc3+ 46. Kg4 Kg6 $11)) 43... Rc6 $16 44. Nf3 Rc2+ {[%emt 0:00:07] [#]} 45. Rd2 $1 Rc4 (45... Bd4+ $16 46. Kg3 Rxd2 47. Nxd2 Kg6) 46. Nxg5 Bd4+ 47. Kg3 Be5+ 48. Kf2 Bd4+ {[%emt 0:02:02] [#]} 49. Kg3 $2 ({White must play} 49. Kf3 $1 $18) 49... Be5+ $11 50. Kf2 {[%emt 0:00:29] Weighted Error Value: White=0.21 (precise) /Black=0.16 (very precise)} 1/2-1/2

[Event "Cattolica Chess Festival 2022"]
[Site "Cattolica"]
[Date "2022.06.09"]
[Round "6.8"]
[White "Lohvinov, Petro"]
[Black "Kjartansson, Gudmundur"]
[Result "0-1"]
[ECO "B80"]
[WhiteElo "2232"]
[BlackElo "2452"]
[Annotator "TA"]
[PlyCount "80"]
[EventDate "2022.06.04"]
[EventCountry "ITA"]
[SourceTitle "playchess.com"]
[Source "ChessBase"]
[SourceQuality "1"]
[TimeControl "5400+30"]

1. e4 c5 2. Nf3 d6 3. d4 cxd4 4. Nxd4 Nf6 5. Nc3 a6 6. Be3 e6 7. f3 b5 8. Qd2 h5 {[%emt 0:08:23] B80: Sicilian Scheveningen: 6 g3 and 6 Be3, including English Attack.} 9. O-O-O {[%emt 0:08:18] 9.a4 deserves study.} Nbd7 10. a3 Bb7 {[%emt 0:01:41] The position is equal.} 11. Nb3 Rc8 12. Kb1 Be7 13. Bf4 {[%emt 0:16:15] [#]} Ne5 $146 (13... d5 $5 ) ({Predecessor:} 13... e5 14. Bg5 Bc6 15. h4 Qc7 16. g3 Rb8 17. Bxf6 Nxf6 18. Nd5 Bxd5 19. exd5 Bd8 {0-1 (98) Noshin,A (1902)-Anata,C (2119) Dhaka 2021}) 14. Qf2 {[%emt 0:08:35] Strongly threatening Bxe5.} (14. Bxe5 $5 dxe5 15. Qxd8+ Rxd8 16. Be2 $11) 14... Nfd7 15. Bd3 {[%emt 0:01:55] [#]} (15. Qd2 $11) 15... Bf6 (15... Rxc3 $1 $17 16. bxc3 Qc7) 16. Qa7 Qb6 (16... Qc7 $15) 17. Qxb6 $11 Nxb6 18. Na5 Ba8 19. Be3 Ned7 20. Nxb5 axb5 $17 21. Bxb5 {[%emt 0:00:01] Bxb6 is the strong threat.} Ke7 22. Rd2 (22. c4 $142) 22... d5 23. Rhd1 {[%emt 0:00:10][%cal Oc2c4] [#]} Rhd8 $1 24. b4 $2 {[%emt 0:01:03] White does not recover from this.} (24. c4 $17) 24... Rc3 25. Rd3 dxe4 26. Rxc3 (26. Bxb6 $142 exd3 27. Bxd8+ Kxd8 28. Rxd3 Rxd3 29. Bxd3) 26... Bxc3 $19 27. fxe4 Bxe4 28. Bd3 $2 (28. Bc6 Nd5 29. Bxd5 Bxd5 30. Rxd5 exd5 31. Nc6+ Ke8 32. Nxd8 Kxd8 33. Ka2) 28... Bxg2 {[%emt 0:01:23] Black is clearly winning.} 29. Rg1 Ba8 30. Bg5+ Bf6 31. Be3 Nd5 32. Bf2 Nc3+ 33. Kc1 g5 34. Re1 Ne5 35. Bc5+ Ke8 36. Be2 Nf3 37. Bxf3 Bxf3 38. Nc4 Ne2+ 39. Kb1 Bc3 40. Rf1 Bg2 {[%emt 0:00:00] Weighted Error Value: White=0.54/Black=0.25 (precise)} 0-1